 Dungeon Crawl Stone Soup version 0.22-a0-618-gd6a3efe (webtiles) character file.

13 Amnesiac the Magician (level 2, 0/19 HPs)
             Began as a Mummy Earth Elementalist on July 13, 2018.
             Was an Initiate of Ashenzari.
             Slain by a jackal (1 damage)
             ... on level 1 of the Dungeon.
             The game lasted 00:02:06 (674 turns).

Amnesiac the Magician (Mummy Earth Elementalist)     Turns: 674, Time: 00:02:07

Health: 0/19       AC:  2    Str: 11    XL:     2   Next: 24%
Magic:  6/6        EV: 12    Int: 14    God:    Ashenzari [......]
Gold:   66         SH:  0    Dex: 12    Spells: 4/7 levels left

rFire    x . .     SeeInvis .   e - +0 mace
rCold    + . .     Gourm    .   (no shield)
rNeg     + + +     Faith    .   c - +0 robe
rPois    ∞         Spirit   .   (no helmet)
rElec    .         Reflect  .   (no cloak)
rCorr    .         Harm     .   (no gloves)
MR       .....                  (no boots)
Stlth    +++.......             (no amulet)
HPRegen  0.06/turn              h - ring of stealth
MPRegen  0.10/turn              (no ring)

@: no status effects
A: no food or potions, fire vulnerability, cold resistance 1, negative energy
resistance 3, torment resistance, unbreathing
a: Curse Item, Renounce Religion


You were on level 1 of the Dungeon.
You worshipped Ashenzari.
Ashenzari was noncommittal.
You were not hungry.

You visited 1 branch of the dungeon, and saw 3 of its levels.

You collected 66 gold pieces.

Inventory:

Hand Weapons
 e - a +0 mace (weapon)
 f - a +0 dagger
Missiles
 b - 43 stones (quivered)
Armour
 c - a +0 robe (worn)
Jewellery
 h - a ring of stealth (left hand)
Scrolls
 d - 2 scrolls of remove curse {!r}
 g - a scroll of fog {!r}


   Skills:
 - Level 1.5 Dodging
 - Level 1.5 Stealth
 - Level 3.0 Spellcasting
 + Level 0.8 Transmutations
 + Level 2.9 Earth Magic


You had 4 spell levels left.
You knew the following spells:

 Your Spells              Type           Power        Failure   Level  Hunger
a - Sandblast             Erth           ##....       6%          1    N/A
b - Passwall              Tmut/Erth      #.......     16%         2    N/A

Your spell library contained the following spells:

 Spells                   Type           Power        Failure   Level  Hunger
 Stone Arrow              Conj/Erth      #.....       34%         3    N/A
 Lee's Rapid Deconstruct  Erth           ##........   87%         5    N/A
 Petrify                  Tmut/Erth      #.......     69%         4    N/A

Dungeon Overview and Level Annotations

Branches:
Dungeon (3/15)

Altars:
Ashenzari
Wu Jian

Annotations:
D:2 1 runed door


Innate Abilities, Weirdness & Mutations

You do not eat or drink.
Your flesh is vulnerable to fire.
You are immune to poison.
Your flesh is cold resistant. (rC+)
You are immune to negative energy. (rN+++)
You are immune to unholy pain and torment.
You can survive without breathing.


Message History

The bat barely misses you. The bat hits you but does no damage.
The rat bites you.
* * * LOW HITPOINT WARNING * * *
The bat closely misses you. The rat bites you but does no damage.
The bat barely misses you. The bat closely misses you.
The bat barely misses you. The bat hits you but does no damage.
The bat closely misses you. The bat closely misses you.
You swing at nothing.
The bat barely misses you.
The rat twitches its whiskers.
The goblin hits you with a dagger.
* * * LOW HITPOINT WARNING * * *
The jackal barks!
You hit the goblin but do no damage. The goblin hits you but does no damage.
You hit the goblin.
You kill the goblin!
Training target 3.0 for Spellcasting reached!
Your Spellcasting skill increases to level 3!
The bat misses you. The bat hits you.
* * * LOW HITPOINT WARNING * * *
You miss the bat. The bat barely misses you. The bat closely misses you. x2
You barely miss the bat. The bat hits you but does no damage. x3
You closely miss the bat. The bat misses you. The bat barely misses you.
The bat closely misses you.
The jackal barks!
You hit the bat but do no damage. The bat barely misses you. x2
The bat closely misses you. The jackal barely misses you.
The bat barely misses you. The jackal bites you.
* * * LOW HITPOINT WARNING * * *
The bat barely misses you. The jackal closely misses you.
The bat closely misses you. The bat closely misses you. x2
The bat hits you.
* * * LOW HITPOINT WARNING * * *
The bat barely misses you. The bat closely misses you. x2
The bat barely misses you.
Really read
a - a scroll labeled UNEADGH WAYTUNYCW {!r}?
As you read the scroll labeled UNEADGH WAYTUNYCW {!r}, it crumbles to dust.
It is a scroll of identify.
g - a scroll of fog {!r} The bat barely misses you. x2
The bat hits you but does no damage. The bat hits you but does no damage.
The bat misses you. The bat misses you. The bat hits you.
* * * LOW HITPOINT WARNING * * *
Unknown command.
Unknown command.
The bat barely misses you.
Found 6 gold pieces.
The bat misses you. The bat misses you. The bat hits you but does no damage.
The bat misses you. The bat barely misses you. The bat misses you.
The bat hits you.
* * * LOW HITPOINT WARNING * * *
There is a stone staircase leading down here.
The bat closely misses you. The jackal bites you.
* * * LOW HITPOINT WARNING * * *
The jackal bites you.
You die...

#h# #.##.## ##.# ...
#..# #h.# #.# ###.##
#.######. #....#
#h.##... #....#
##.##$# #....#
##.##.##.######....#
#...........hb##.###
.....##......##h@..#
#### ##....###..###
##..###...#
#####...## ....
#...l# ...
#....##### #..
#####......)# #..
##..###......#
#.###....###.....#


You could see 2 jackals, a bat and a frilled lizard (wandering).

Vanquished Creatures
  A leopard gecko (D:1)
  A giant cockroach (D:3)
  3 goblins (D:1)
  A hobgoblin (D:1)
  A bat (D:2)
  A frilled lizard (D:2)
  A kobold (D:1)
  3 rats (D:1)
12 creatures vanquished.

Notes
Turn   | Place    | Note
-------+----------+-------------------------------------------
     0 | D:1      | Amnesiac the Mummy Earth Elementalist began the quest for the Orb.
     0 | D:1      | Reached XP level 1. HP: 13/13 MP: 4/4
   250 | D:1      | Reached XP level 2. HP: 14/19 MP: 5/5
   264 | D:2      | Learned a level 2 spell: Passwall
   328 | D:2      | Found a runed door.
   562 | D:3      | Found a shattered altar of Ashenzari.
   567 | D:3      | Found an ornate altar of the Wu Jian Council.
   570 | D:3      | Became a worshipper of Ashenzari the Shackled
   649 | D:1      | Reached skill level 3 in Spellcasting
   674 | D:1      | Slain by a jackal

Vault maps used:
D:1:      eino_arrival_druids_welcome, minivault_19, minmay_stone_trees_medium
D:2:      uniq_crazy_yiuf_cottage, uniq_sigmund
D:3:      lemuel_crystal_altar, cheibrodos_ashenzari_chains,
          gammafunk_temple_overflow_statue, minmay_misc_feat_hallway

Skill      XL: |  1  2 |
---------------+-------+-----
Spellcasting   | 3 |  3.0
Dodging        | |  1.5
Stealth        | |  1.5
Transmutations | |  0.8
Earth Magic    | |  2.9

Action                   || total
-------------------------++-------
Melee: Mace              ||    45
 Cast: Sandblast         ||     4
  Use: Scroll            ||     1
 Stab: Sleeping          ||     2
Armor: Robe              ||    22
Dodge: Dodged            ||    85

Table legend:
 A = Spawn XP
 B = Non-spawn XP
 C = Spawn XP percentage of total XP
 D = Spawn monster count
 E = Non-spawn monster count
 F = Spawn count percentage of total count
 G = Total turns spent on level
                    A         B        C        D         E        F      G
               +---------+---------+-------+---------+---------+-------+---------
         Total |       0 |      19 |   0.0 |       0 |      12 |   0.0 |   674
               +---------+---------+-------+---------+---------+-------+---------
           D:1 |       0 |      15 |   0.0 |       0 |       9 |   0.0 |   315
           D:2 |       0 |       2 |   0.0 |       0 |       2 |   0.0 |   256
           D:3 |       0 |       2 |   0.0 |       0 |       1 |   0.0 |   103
               +---------+---------+-------+---------+---------+-------+---------
